 Dungeon Sprint DCSS version 0.24-a0-250-g6074511 (webtiles) character file.

Game seed: 7271129330274678473

127 GEC the Chopper (level 5, -7/48 HPs)
             Began as a Gnoll Berserker on Apr 15, 2019.
             Was a Priest of Trog.
             Killed from afar by a deep elf mage (31 damage)
             ... with a shard of ice
             ... in the Dungeon (Sprint III: "The Ten Rune Challenge").
             The game lasted 00:01:26 (567 turns).

GEC the Chopper (Gnoll Berserker)                    Turns: 567, Time: 00:01:27

Health: -7/48      AC:  2    Str: 20    XL:     5   Next: 11%
Magic:  9/9        EV: 15    Int:  9    God:    Trog [***...]
Gold:   24         SH:  0    Dex: 15    Spells: 10/10 levels left

rFire    . . .     SeeInvis .   a - +0 hand axe
rCold    . . .     Gourm    .   (no shield)
rNeg     . . .     Faith    .   b - +0 animal skin
rPois    .         Spirit   .   (no helmet)
rElec    .         Reflect  .   (no cloak)
rCorr    .         Harm     .   (no gloves)
MR       .....     NoTele   +   (no boots)
Stlth    ++........             (no amulet)
HPRegen  0.16/turn              (no ring)
MPRegen  0.11/turn              (no ring)

@: no status effects
A: distributed training, fangs 1, strong nose
a: Berserk, Trog's Hand, Renounce Religion


You were in the Dungeon.
You worshipped Trog.
Trog was most pleased with you.
You were hungry.

You visited 1 branch You collected 24 gold pieces.

Inventory:

Hand Weapons
 a - a +0 hand axe (weapon)
Armour
 b - a +0 animal skin (worn)
Scrolls
 i - a scroll of blinking
 k - a scroll of immolation {unknown}
 l - a scroll of enchant weapon {unknown}
 m - a scroll of identify {unknown}
 p - 2 scrolls of remove curse {unknown}
Potions
 d - a potion of curing
 e - a potion of heal wounds
 f - a potion of haste
 g - 2 potions of magic
 h - a potion of berserk rage
 n - 3 potions of flight
Comestibles
 c - 4 rations


   Skills:
 + Level 7.3 Fighting
 + Level 3.1 Short Blades
 + Level 3.1 Long Blades
 + Level 7.3 Axes
 + Level 3.1 Maces & Flails
 + Level 3.1 Polearms
 + Level 3.1 Staves
 + Level 3.1 Slings
 + Level 3.1 Bows
 + Level 3.1 Crossbows
 + Level 3.1 Throwing
 + Level 5.6 Armour
 + Level 5.6 Dodging
 + Level 3.1 Stealth
 + Level 3.1 Shields
 + Level 3.1 Unarmed Combat
 + Level 3.1 Spellcasting
 + Level 2.5 Conjurations
 + Level 2.5 Hexes
 + Level 2.5 Charms
 + Level 2.5 Summonings
 + Level 2.5 Necromancy
 + Level 2.5 Translocations
 + Level 2.5 Transmutations
 + Level 2.5 Fire Magic
 + Level 2.5 Ice Magic
 + Level 2.5 Air Magic
 + Level 2.5 Earth Magic
 + Level 2.5 Poison Magic
 + Level 3.5 Invocations
 + Level 3.1 Evocations


You had 10 spell levels left.
You didn't know any spells.
Your spell library was empty.

Dungeon Overview and Level Annotations

Branches:
Dungeon (1/1)

Altars:
Elyvilon
Zin
The Shining One


Innate Abilities, Weirdness & Mutations

Your experience applies equally to all skills.
You have very sharp teeth.
Your uncanny sense of smell can sniff out nearby items.


Message History

The ice beast misses you.
You barely miss the deep elf mage. Your bite misses the deep elf mage.
The deep elf mage is lightly wounded.
You barely miss the ice beast.
The deep elf mage hits you with a +1 long sword of holy wrath.
You hit the deep elf mage.
The deep elf mage is lightly wounded.
You hit the ice beast but do no damage. The ice beast hits you.
The ice beast freezes you.
The deep elf mage hits you with a +1 long sword of holy wrath!
You hit the deep elf mage. You bite the deep elf mage.
The deep elf mage is heavily wounded.
You hit the ice beast. The ice beast barely misses you.
You closely miss the deep elf mage.
The deep elf mage is heavily wounded.
You hit the ice beast but do no damage. The ice beast closely misses you.
The deep elf mage casts a spell at you. The shard of ice hits you!!
Ouch! That really hurt!
You die...

▓▓▓▓▓ ▓▓▓ #...####
##.#####
#......#####..#_Y_# ∆
#.......#!!#..#e@.# ∆ ∆
##.##...#..#..###'#+###+#
##.###..##'#..#..........
###.##..###...'.⌠........
#..##..####...#...######+
...##..###....#.⌠.#
÷.##÷..##.....#...#∆
.##....#......#+###
###..##.#.....# ∆∆ ∆


You could see a deep elf mage and an ice beast.

Vanquished Creatures
  A water elemental (D)
  A scorpion (D)
  A human (D)
  4 rats (D)
7 creatures vanquished.

Vanquished Creatures (others)
  2 draconian scorchers (D)
  6 hellions (D)
  2 yaktaurs (D)
  3 plants (D)
13 creatures vanquished.

Grand Total: 20 creatures vanquished

Notes
Turn   | Place    | Note
-------+----------+-------------------------------------------
     0 | D        | GEC the Gnoll Berserker began the quest for the Orb.
     0 | D        | Reached XP level 1. HP: 23/23 MP: 1/1
    40 | D        | Reached ** piety under Trog
    49 | D        | Killed a yaktaur
    62 | D        | Noticed a scorpion
    70 | D        | Reached skill level 1 in Short Blades
    70 | D        | Reached skill level 1 in Long Blades
    70 | D        | Reached skill level 1 in Maces & Flails
    70 | D        | Reached skill level 1 in Polearms
    70 | D        | Reached skill level 1 in Staves
    70 | D        | Reached skill level 1 in Slings
    70 | D        | Reached skill level 1 in Bows
    70 | D        | Reached skill level 1 in Crossbows
    70 | D        | Reached skill level 1 in Throwing
    70 | D        | Reached skill level 1 in Stealth
    70 | D        | Reached skill level 1 in Shields
    70 | D        | Reached skill level 1 in Unarmed Combat
    70 | D        | Reached skill level 1 in Spellcasting
    70 | D        | Reached skill level 1 in Conjurations
    70 | D        | Reached skill level 1 in Hexes
    70 | D        | Reached skill level 1 in Charms
    70 | D        | Reached skill level 1 in Summonings
    70 | D        | Reached skill level 1 in Necromancy
    70 | D        | Reached skill level 1 in Translocations
    70 | D        | Reached skill level 1 in Transmutations
    70 | D        | Reached skill level 1 in Fire Magic
    70 | D        | Reached skill level 1 in Ice Magic
    70 | D        | Reached skill level 1 in Air Magic
    70 | D        | Reached skill level 1 in Earth Magic
    70 | D        | Reached skill level 1 in Poison Magic
    70 | D        | Reached skill level 1 in Invocations
    70 | D        | Reached skill level 1 in Evocations
    70 | D        | Reached XP level 2. HP: 29/29 MP: 1/4
    75 | D        | Killed a scorpion
    75 | D        | Reached skill level 5 in Armour
    75 | D        | Reached skill level 5 in Dodging
    75 | D        | Reached XP level 3. HP: 36/36 MP: 1/6
    75 | D        | Reached XP level 4. HP: 43/43 MP: 1/7
   104 | D        | Killed a hellion
   114 | D        | Killed a hellion
   127 | D        | Killed a hellion
   127 | D        | Killed a hellion
   128 | D        | Killed a hellion
   205 | D        | Killed a white draconian scorcher
   224 | D        | Killed a yaktaur
   227 | D        | Killed a white draconian scorcher
   306 | D        | Noticed a water elemental
   317 | D        | Killed a water elemental
   317 | D        | Reached *** piety under Trog
   317 | D        | Reached XP level 5. HP: 13/48 MP: 7/9
   453 | D        | Killed a hellion
   559 | D        | Found a glowing silver altar of Zin.
   559 | D        | Found a glowing golden altar of the Shining One.
   559 | D        | Found a white marble altar of Elyvilon.
   560 | D        | Noticed a deep elf mage
   563 | D        | Noticed an ice beast
   567 | D        | Killed from afar by a deep elf mage

Levels and vault maps discovered:
D:        dungeon_sprint_mu [sprint_mu_entry_cave, sprint_mu_temple_rooms,
          sprint_mu_d1_horrors, sprint_mu_d2_genie, sprint_mu_d3_branching,
          sprint_mu_orc_legion, sprint_mu_elf_gauntlet, sprint_mu_hive_nellie,
          sprint_mu_lair_fedhas, sprint_mu_vaults_butterflies,
          sprint_mu_slime_circle, sprint_mu_swamp_cave, sprint_mu_snake_twists,
          sprint_mu_blade_basic, sprint_mu_crypt_fortress,
          sprint_mu_tomb_spiral, sprint_mu_vestibule_basic,
          sprint_mu_gehenna_hellfire, sprint_mu_dis_giant,
          sprint_mu_tartarus_statrot, sprint_mu_cocytus_islands, sprint_mu_zot1]

Skill      XL: |  1  2  3  4 |
---------------+-------------+-----
Short Blades   | 1 2 3 |  3.1
Long Blades    | 1 2 3 |  3.1
Maces & Flails | 1 2 3 |  3.1
Polearms       | 1 2 3 |  3.1
Staves         | 1 2 3 |  3.1
Slings         | 1 2 3 |  3.1
Bows           | 1 2 3 |  3.1
Crossbows      | 1 2 3 |  3.1
Throwing       | 1 2 3 |  3.1
Stealth        | 1 2 3 |  3.1
Shields        | 1 2 3 |  3.1
Unarmed Combat | 1 2 3 |  3.1
Spellcasting   | 1 2 3 |  3.1
Conjurations   | 1 2 |  2.5
Hexes          | 1 2 |  2.5
Charms         | 1 2 |  2.5
Summonings     | 1 2 |  2.5
Necromancy     | 1 2 |  2.5
Translocations | 1 2 |  2.5
Transmutations | 1 2 |  2.5
Fire Magic     | 1 2 |  2.5
Ice Magic      | 1 2 |  2.5
Air Magic      | 1 2 |  2.5
Earth Magic    | 1 2 |  2.5
Poison Magic   | 1 2 |  2.5
Invocations    | 1 2 3 |  3.5
Evocations     | 1 2 3 |  3.1
Fighting       | 7 |  7.3
Axes           | 7 |  7.3
Armour         | 5 |  5.6
Dodging        | 5 |  5.6

Action                   |  1- 3 |  4- 6 || total
-------------------------+-------+-------++-------
Melee: Hand axe          |    22 |    14 ||    36
       Bite              |     5 |     2 ||     7
Invok: Berserk           |     1 |     1 ||     2
  Use: Scroll            |       |     1 ||     1
Armor: Animal skin       |     4 |       ||     4
Dodge: Dodged            |     8 |     7 ||    15

Table legend:
 A = Non-vault XP
 B = Vault XP
 C = Vault XP percentage of total XP
 D = Non-vault monster count
 E = Vault monster count
 F = Vault count percentage of total count
                 A         B        C        D         E       F
            +---------+---------+-------+---------+---------+-------
      Total |       0 |     182 | 100.0 |       0 |       7 | 100.0
            +---------+---------+-------+---------+---------+-------
          D |       0 |     182 | 100.0 |       0 |       7 | 100.0
            +---------+---------+-------+---------+---------+-------
